 Dungeon Crawl Stone Soup version 0.23.2 (webtiles) character file.

Game seed: 9504615629833872743

16296 teukkam the Slicer (level 12, -12/93 HPs)
             Began as a Minotaur Fighter on Apr 4, 2019.
             Was a High Priest of Zin.
             Mangled by a spiny frog (14 damage)
             ... on level 6 of the Lair of Beasts on Apr 5, 2019.
             The game lasted 00:56:31 (16089 turns).

teukkam the Slicer (Minotaur Fighter)              Turns: 16089, Time: 00:56:32

Health: -12/93     AC: 14    Str: 27    XL:     12   Next: 8%
Magic:  19/19      EV:  6    Int:  5    God:    Zin [*****.]
Gold:   717        SH: 10    Dex:  9    Spells: 11/11 levels left

rFire    + . .     SeeInvis +   a - +2 short sword (venom)
rCold    . . .     Gourm    .   s - +0 shield
rNeg     . . .     Faith    .   u - +0 chain mail {rF+}
rPois    .         Spirit   .   W - +2 hat
rElec    .         Reflect  .   (no cloak)
rCorr    .         Harm     .   (no gloves)
MR       .....                  p - +2 pair of boots {Stlth+}
Stlth    ++........             (no amulet)
HPRegen  0.25/turn              k - ring of see invisible
MPRegen  0.16/turn              (no ring)

@: lethally poisoned (-12 -> -24)
A: retaliatory headbutt, horns 2
a: Recite, Vitalisation, Imprison, Sanctuary, Donate Gold, Renounce Religion


You were on level 6 of the Lair of Beasts.
You worshipped Zin.
Zin was extremely pleased with you.
You were not hungry.

You visited 2 branches of the dungeon, and saw 17 of its levels.

You collected 890 gold pieces.
You spent 84 gold pieces at shops.
You donated 89 gold pieces to Zin.

Inventory:

Hand Weapons
 a - a +2 short sword of venom (weapon)
 b - a +0 hunting sling
 c - a +3 scimitar of flaming
 D - a +1 dagger of electrocution
 H - a +1 war axe
 K - a +3 dagger of flaming
 L - a +1 long sword of holy wrath
 N - a +1 dagger of venom
 R - a +0 blowgun
Missiles
 h - 10 javelins (quivered)
 m - 7 needles of sleeping
 v - a throwing net
 z - 58 sling bullets
 I - 13 tomahawks
 Q - 14 poisoned needles
 U - 8 curare-tipped needles
 V - a steel javelin
Armour
 p - a +2 pair of boots of stealth (worn)
 s - a +0 shield (worn)
 u - a +0 chain mail of fire resistance (worn)
 W - a +2 hat (worn)
Magical Staves
 t - an uncursed staff of earth
Jewellery
 k - a ring of see invisible (left hand)
Wands
 o - a wand of random effects (18)
 w - a wand of paralysis (11)
 Z - a wand of iceblast (6)
Scrolls
 d - 3 scrolls of amnesia
 e - a scroll of enchant armour
 g - 3 scrolls of fog
 j - a scroll of immolation
 l - 11 scrolls of identify
 r - 7 scrolls of remove curse
 y - 4 scrolls of teleportation
 C - a scroll of noise {unknown}
 F - 2 scrolls of enchant weapon
 G - a scroll of magic mapping
 J - 4 scrolls of random uselessness {unknown}
 O - a scroll of vulnerability {unknown}
 P - a scroll of acquirement {unknown}
 T - 2 scrolls of summoning {unknown}
Potions
 q - 5 potions of brilliance
 x - a potion of magic
 A - a potion of flight
 B - 4 potions of curing
 E - 4 potions of lignification
 M - 3 potions of cancellation
 Y - a potion of ambrosia
Comestibles
 f - 10 rations


   Skills:
 - Level 4.8 Fighting
 + Level 11.5 Short Blades
 - Level 4.2 Axes
 + Level 5.0 Slings
 - Level 4.7 Armour
 - Level 0.1 Dodging
 + Level 9.8 Stealth
 - Level 4.9 Shields
 + Level 10.7 Invocations


You had 11 spell levels left.
You didn't know any spells.
Your spell library contained the following spells:

 Spells                   Type           Power        Failure   Level  Hunger
 Animate Skeleton         Necr           N/A          100%        1    ##.....
 Apportation              Tloc           #.....       100%        1    ##.....
 Confusing Touch          Hex            #.....       100%        1    ##.....
 Summon Small Mammal      Summ           #...         100%        1    ##.....
 Poisonous Vapours        Pois/Air       #.....       100%        2    ###....
 Conjure Flame            Conj/Fire      #.......     100%        3    ####...
 Mephitic Cloud           Conj/Pois/Air  #.......     100%        3    ####...
 Bolt of Magma            Conj/Fire/Erth #.........   100%        5    ######.
 Iskenderun's Battlesphe  Conj/Chrm      #.......     100%        5    ######.
 Venom Bolt               Conj/Pois      #.........   100%        5    ######.
 Freezing Cloud           Conj/Ice/Air   #.........   100%        6    #######
 Iron Shot                Conj/Erth      #.........   100%        6    #######
 Orb of Destruction       Conj           #.........   100%        7    #######
 Ring of Flames           Chrm/Fire      #.........   100%        7    #######
 Spellforged Servitor     Conj/Summ      #.........   100%        7    #######


Dungeon Overview and Level Annotations

Branches:
Dungeon (11/15)              Lair (6/6) D:10          Slime (0/5) Lair:6
    Orc (0/2) D:9
 Temple: D:4-7        Swamp: Lair:2-4    Shoals: Lair:2-4     Snake: Lair:2-4
 Spider: Lair:2-4

Altars:
Ashenzari
Cheibriados
Elyvilon
Fedhas
Hepliaklqana
Makhleb
Ru
Sif Muna
Trog
Uskayaw
Xom
Yredelemnul
Zin
Jiyva

Shops:
D:6 (   D:10 [(?

Annotations:
Lair:1 3 runed translucent doors, exclusion: oklob plant, night's ghost, journeyman GrEE
Lair:5 1 runed translucent door


Innate Abilities, Weirdness & Mutations

You reflexively headbutt those who attack you in melee.
You have a pair of horns on your head.


Message History

You block the spiny frog's attack.
The wyvern bites you but does no damage.
You hit the wyvern but do no damage.
The wyvern looks as sick as possible!
The wyvern is almost dead.
You feel sick. The spiny frog closely misses you. You furiously retaliate!
You headbutt the spiny frog. You block the wyvern's attack.
You hit the spiny frog.
The spiny frog is moderately wounded.
The wyvern bites you!
* * * LOW HITPOINT WARNING * * *
Unknown command.
You kill the wyvern!
Your Slings skill increases to level 5!
You block the spiny frog's attack. The spiny frog stings you!
* * * LOW HITPOINT WARNING * * *
You are lethally poisoned!
The spiny frog poisons you!
* * * LOW HITPOINT WARNING * * *
You feel sick. The spiny frog stings you!
You die...

...P..........#...........#h.h.Yh
#P..)...............#............
PP.P.(....................._>h..#
PPPP...#....^.................<..
#PP...#.........#<...#...........
##.....†...#...#...............?#
#.#..........#........##.......#
#.P...P###.........P.###..P.....
#.....## ##.#..@...P..P.#..#....
####.## ###..F.......P..##...[
### #...†..P...P...##..#.
#####PP..#....### ###P......#.#
###P.....## ###....P# ##....##
#..#.##


You could see a spiny frog.

Vanquished Creatures
  Fannar (D:11)
  A hydra (Lair:1)
  Erica (D:8)
  Sonja (Lair:1)
  An unseen horror (D:10)
  2 black mambas
  Joseph (D:8)
  4 spiny frogs
  2 rime drakes
  3 komodo dragons
  A troll (D:9)
  5 blink frogs
  Grinder (D:4)
  5 hippogriffs
  6 yaks (D:10)
  2 wyverns
  A basilisk (Lair:2)
  Edmund (D:5)
  Menkaure (D:4)
  2 soldier ants (D:8)
  5 water moccasins
  A porcupine (Lair:5)
  4 orc warriors
  6 sky beasts
  A black bear (D:5)
  A phantom (D:9)
  An ice beast (D:8)
  2 ogres
  4 centaurs
  5 crocodiles
  A big kobold (D:10)
  8 bullfrogs
  Blork the orc (D:5)
  A wyvern zombie (D:9)
  4 scorpions
  3 killer bees (D:9)
  4 howler monkeys (D:8)
  3 crimson imps
  2 bullfrog zombies
  4 hounds
  3 jellies (Lair:1)
  A centaur zombie (D:5)
  Ijyb (D:4)
  2 bullfrog skeletons
  A gnoll shaman (D:4)
  8 orc priests
  3 centaur skeletons
  5 iguanas
  3 orc wizards
  A killer bee zombie (D:7)
  9 worker ants
  A hound zombie (D:5)
  Robin (D:3)
  A howler monkey zombie (D:5)
  3 worker ant zombies
  5 gnolls (D:4)
  8 adders
  15 oozes
  3 adder skeletons
  2 adder zombies
  A worm (D:5)
  4 dart slugs
  3 leopard geckos
  48 orcs
  6 giant cockroaches
  10 goblins
  12 hobgoblins
  9 jackals
  3 quokkas
  4 ball pythons
  10 bats
  5 frilled lizards
  14 kobolds
  A leopard gecko skeleton (D:2)
  2 quokka skeletons
  A quokka zombie (D:5)
  8 rats
320 creatures vanquished.

Vanquished Creatures (others)
  18 fungi
  16 plants
34 creatures vanquished.

Grand Total: 354 creatures vanquished

Notes
Turn   | Place    | Note
-------+----------+-------------------------------------------
     0 | D:1      | teukkam the Minotaur Fighter began the quest for the Orb.
     0 | D:1      | Reached XP level 1. HP: 19/19 MP: 0/0
   226 | D:2      | Reached XP level 2. HP: 27/27 MP: 1/1
   584 | D:3      | Noticed Robin
   591 | D:2      | Found a snail-covered altar of Cheibriados.
   592 | D:2      | Found a hazy altar of Hepliaklqana.
   592 | D:2      | Found a hide-covered altar of Uskayaw.
   592 | D:2      | Found a basalt altar of Yredelemnul.
   592 | D:2      | Found a burning altar of Makhleb.
   594 | D:2      | Found a glowing silver altar of Zin.
   594 | D:2      | Found a shimmering altar of Xom.
   595 | D:2      | Found a deep blue altar of Sif Muna.
   606 | D:2      | Reached XP level 3. HP: 33/33 MP: 2/2
   618 | D:2      | Became a worshipper of Zin the Law-Giver
  1054 | D:2      | Reached XP level 4. HP: 37/40 MP: 3/3
  1086 | D:2      | Reached * piety under Zin
  1385 | D:3      | Found a shattered altar of Ashenzari.
  1509 | D:3      | Killed Robin
  1512 | D:3      | Reached XP level 5. HP: 20/47 MP: 4/4
  2170 | D:2      | Reached skill level 1 in Invocations
  2472 | D:4      | Reached ** piety under Zin
  2502 | D:4      | Reached skill level 1 in Short Blades
  2506 | D:4      | Reached XP level 6. HP: 43/55 MP: 4/6
  2513 | D:4      | Reached skill level 1 in Stealth
  2747 | D:5      | Entered Level 5 of the Dungeon
  2781 | D:4      | Reached skill level 2 in Short Blades
  2911 | D:4      | Found a blossoming altar of Fedhas.
  3049 | D:4      | Noticed Grinder
  3064 | D:4      | Killed Grinder
  3064 | D:4      | Reached skill level 3 in Short Blades
  3064 | D:4      | Reached XP level 7. HP: 43/60 MP: 6/8
  3191 | D:4      | Noticed Menkaure
  3200 | D:4      | Killed Menkaure
  3404 | D:4      | Reached skill level 4 in Short Blades
  3428 | D:4      | Noticed Ijyb
  3434 | D:4      | Killed Ijyb
  3596 | D:5      | Noticed Edmund
  3603 | D:5      | Killed Edmund
  3603 | D:5      | Reached XP level 8. HP: 65/67 MP: 10/10
  3714 | D:5      | Reached skill level 5 in Short Blades
  3720 | D:5      | Reached *** piety under Zin
  3734 | D:5      | Noticed Blork the orc
  3741 | D:5      | Killed Blork the orc
  3782 | D:5      | Reached skill level 5 in Invocations
  4146 | D:5      | Reached skill level 6 in Short Blades
  4159 | D:5      | Found a white marble altar of Elyvilon.
  4159 | D:5      | Found a bloodstained altar of Trog.
  4225 | D:6      | Reached **** piety under Zin
  4268 | D:6      | Reached skill level 5 in Stealth
  4283 | D:6      | Found Mefrialu's Weapon Emporium.
  5471 | D:7      | Reached XP level 9. HP: 69/73 MP: 12/12
  5502 | D:8      | Reached ***** piety under Zin
  5760 | D:8      | Noticed Joseph
  5772 | D:8      | Killed Joseph
  5772 | D:8      | Reached skill level 7 in Short Blades
  6236 | D:8      | Noticed Erica
  6270 | D:8      | Killed Erica
  6270 | D:8      | Reached skill level 8 in Short Blades
  6270 | D:8      | Reached XP level 10. HP: 27/80 MP: 14/14
  8161 | D:9      | Found a sacrificial altar of Ru.
  8172 | D:10     | Entered Level 10 of the Dungeon
  8172 | D:10     | Found Xiuclosh's Antique Armour Emporium.
  8174 | D:10     | Noticed an unseen horror
  8351 | D:9      | Reached skill level 9 in Short Blades
  8431 | D:10     | Killed an unseen horror
  8946 | D:9      | Found a staircase to the Orcish Mines.
  9376 | D:10     | Found a staircase to the Lair.
  9729 | D:11     | Noticed Fannar
  9742 | D:11     | Killed Fannar
  9742 | D:11     | Reached skill level 10 in Short Blades
  9950 | D:10     | Reached XP level 11. HP: 78/85 MP: 17/17
  9983 | Lair:1   | Entered Level 1 of the Lair of Beasts
 10301 | D:11     | Noticed an eight-headed hydra
 10301 | D:11     | Noticed an unseen horror
 10719 | D:10     | Found Jeuskon's Weapon Emporium.
 10788 | D:10     | Found Ogugip's Magic Scroll Boutique.
 10818 | D:10     | Bought a scroll of teleportation for 42 gold pieces
 10818 | D:10     | Bought a scroll of teleportation for 42 gold pieces
 11116 | Lair:1   | Found a runed translucent gate.
 11116 | Lair:1   | Found a runed translucent gate.
 11116 | Lair:1   | Noticed a five-headed hydra
 11134 | Lair:1   | Killed a five-headed hydra
 11134 | Lair:1   | Reached skill level 1 in Slings
 11135 | Lair:1   | Found a runed translucent gate.
 11138 | Lair:1   | Noticed night's ghost (journeyman GrEE)
 11798 | Lair:1   | Reached skill level 10 in Invocations
 12352 | Lair:1   | Noticed Sonja
 12367 | Lair:1   | Killed Sonja
 12847 | Lair:1   | Noticed an oklob plant
 13102 | Lair:2   | Reached skill level 11 in Short Blades
 13884 | Lair:2   | You fall through a shaft!
 14733 | Lair:6   | Entered Level 6 of the Lair of Beasts
 14733 | Lair:6   | Found a staircase to the Slime Pits.
 14733 | Lair:6   | Found a viscous altar of Jiyva.
 14733 | Lair:6   | Noticed a seven-headed hydra
 14968 | Lair:5   | Found a runed translucent door.
 15128 | Lair:5   | Reached ****** piety under Zin
 15478 | Lair:5   | Reached XP level 12. HP: 70/93 MP: 18/18
 16088 | Lair:6   | Reached skill level 5 in Slings
 16088 | Lair:6   | HP: 4/93 [spiny frog (16)]
 16089 | Lair:6   | Mangled by a spiny frog

Skill      XL: |  1  2  3  4  5  6  7  8  9 10 11 12 |
---------------+-------------------------------------+-----
Fighting       | 4 |  4.8
Shields        | 4 |  4.9
Armour         | 4 |  4.7
Axes           | 3 4 |  4.2
Invocations    | 1 3 4 5 7 9 10 | 10.7
Short Blades   | 1 3 4 6 8 10 11 | 11.5
Stealth        | 2 3 5 6 8 9 |  9.8
Slings         | 4 5 |  5.0
Dodging        | |  0.1

Action                   |  1- 3 |  4- 6 |  7- 9 | 10-12 || total
-------------------------+-------+-------+-------+-------++-------
Melee: War axe           |    98 |   100 |    37 |     9 ||   244
       Headbutt          |    11 |    26 |    61 |   153 ||   251
       Dagger            |       |    54 |   244 |   462 ||   760
       Scimitar          |       |       |       |    15 ||    15
       Short sword       |       |       |       |   240 ||   240
 Fire: Hunting sling     |       |       |     9 |    30 ||    39
       Blowgun           |       |       |       |     3 ||     3
Throw: Javelin           |       |     1 |    17 |    24 ||    42
Invok: Recite            |       |     5 |     5 |     8 ||    18
       Vitalisation      |       |       |       |     1 ||     1
       Sanctuary         |       |       |       |     1 ||     1
Evoke: Wand              |       |       |     4 |     7 ||    11
  Use: Scroll            |     1 |     7 |       |    11 ||    19
       Potion            |       |     1 |     2 |    12 ||    15
 Stab: Confused          |       |       |     4 |     2 ||     6
       Paralysed         |       |       |     3 |     7 ||    10
       Invisible         |       |       |     1 |       ||     1
       Sleeping          |       |       |       |     4 ||     4
  Eat: Chunk             |     1 |     2 |     2 |     8 ||    13
       Ration            |       |     2 |     2 |     7 ||    11
Armor: Scale mail        |    28 |       |       |       ||    28
       Ring mail         |    14 |    44 |       |       ||    58
       Chain mail        |       |     4 |   100 |   229 ||   333
Dodge: Dodged            |    44 |    52 |    34 |   116 ||   246
Block: Shield            |    57 |    77 |    92 |   268 ||   494
